 Dungeon Crawl Stone Soup version 0.25-a0-1133-g93ebf739aa (webtiles) character file.

Game seed: 16807305293416623508, levelgen mode: deterministic

1478 kae the Grappler (level 8, -6/71 HPs)
             Began as a Ghoul Gladiator on May 20, 2020.
             Was an Initiate of Makhleb.
             Killed from afar by an electric eel (12 damage)
             ... with a bolt of electricity
             ... on level 6 of the Dungeon.
             The game lasted 00:06:18 (5922 turns).

kae the Grappler (Ghoul Gladiator)                  Turns: 5922, Time: 00:06:18

Health: -6/71      AC:  6    Str: 19    XL:     8   Next: 79%
Magic:  9/9        EV: 12    Int:  4    God:    Makhleb [......]
Gold:   2713       SH:  0    Dex: 10    Spells: 7/7 levels left

rFire    . . .     SeeInvis +     - Unarmed
rCold    + . .     Gourm    .   (no shield)
rNeg     + + +     Faith    .   x - +0 troll leather armour
rPois    ∞         Spirit   .   b - +0 helmet
rElec    .         Reflect  .   e - +0 cloak
rCorr    .         Harm     .   (no gloves)
MR       .....                  (no boots)
Stlth    +.........             (no amulet)
HPRegen  0.00/turn              i - ring of see invisible
MPRegen  0.11/turn              h - ring of see invisible

@: rotting, studying Maces & Flails
A: rotting body, claws 1, carnivore, cold resistance 1, negative energy
resistance 3, inhibited regeneration, torment resistance, unbreathing
a: Renounce Religion


You were on level 6 of the Dungeon.
You worshipped Makhleb.
Makhleb was noncommittal.
You were not hungry.

You visited 2 branches of the dungeon, and saw 7 of its levels.

You collected 2874 gold pieces.
You spent 161 gold pieces at shops.

Inventory:

Missiles
 c - 3 throwing nets (quivered)
Armour
 b - a +0 helmet (worn)
 e - a +0 cloak (worn)
 x - a +0 troll leather armour (worn)
Jewellery
 a - an uncursed ring of wizardry
 h - a ring of see invisible (right claw)
 i - a ring of see invisible (left claw)
Wands
 p - a wand of digging (8)
 r - a wand of clouds (7)
 s - a wand of random effects (22)
Scrolls
 k - 2 scrolls of remove curse
 l - a scroll of enchant weapon
 t - 2 scrolls of teleportation
 w - 2 scrolls of identify
 y - a scroll of magic mapping
Potions
 f - 2 potions of curing
 j - a potion of invisibility
 o - 2 potions of flight
 v - a potion of ambrosia
Books
 g - a manual of Maces & Flails
Comestibles
 d - 14 rations
 m - 8 chunks of flesh


   Skills:
 + Level 6.7 Fighting
 - Level 1.7 Throwing
 - Level 2.6 Dodging
 * Level 9.7 Unarmed Combat
 + Level 2.9 Invocations


You had 7 spell levels left.
You didn't know any spells.
Your spell library was empty.

Dungeon Overview and Level Annotations

Branches:
Dungeon (6/15)             Temple (1/1) D:5

Altars:
Cheibriados
Elyvilon
Fedhas
Hepliaklqana
Kikubaaqudgha
Makhleb
Nemelex Xobeh
Okawaru
Qazlal
Ru
Trog
Uskayaw
Vehumet
Wu Jian
Xom
Yredelemnul
Zin
The Shining One

Shops:
D:5 *

Annotations:
D:2 Sigmund


Innate Abilities, Weirdness & Mutations

Your body is rotting away.
You thrive on raw meat.
You are immune to poison.
You have sharp fingernails.
You are carnivorous and can eat meat at any time.
Your flesh is cold resistant. (rC+)
You are immune to negative energy. (rN+++)
You do not regenerate when monsters are visible.
You are immune to unholy pain and torment.
You can survive without breathing.


Message History

You are too injured to fight recklessly!
You are too injured to fight recklessly!
The electric eel shoots out a bolt of lightning at you!
The bolt of electricity hits you. The bolt of electricity hits you!
The bolt of electricity hits the electric eel.
The electric eel completely resists.
You scratch the electric eel but do no damage.
The electric eel is heavily wounded.
You scratch the electric eel. Your claw misses the electric eel.
The electric eel is severely wounded.
The electric eel shoots out a bolt of lightning at you!
The bolt of electricity hits you!
* * * LOW HITPOINT WARNING * * *
The bolt of electricity hits you!
* * * LOW HITPOINT WARNING * * *
The bolt of electricity hits the electric eel.
The electric eel completely resists.
The electric eel shoots out a bolt of lightning at you!
The bolt of electricity hits you!
You die...

#############
#............ #...#
##.########### #...#
##...## #...# #..#..#
#...# #.###.#
##...######..#..#####...
................@.≈.≈≈.≈
.............≈≈≈;≈.≈≈≈≈≈
............≈≈♣♣♣≈.≈♣♣♣≈
#....#.####..≈♣ ≈≈≈♣
#....#.# #.≈≈♣♣♣≈.≈♣
.....#.# #.≈≈≈≈≈≈≈≈≈≈
.....#.# #.≈.≈≈≈.≈≈≈.≈
.......# #.÷≈≈≈≈≈.≈≈≈≈
.....### ##.≈♣♣♣≈.≈


You could see an electric eel.

Vanquished Creatures
  3 sky beasts (D:6)
  An ice beast (D:6)
  A phantom (D:6)
  A centaur (D:5)
  4 ogres
  An electric eel (D:6)
  A crimson imp (D:6)
  2 hounds
  An orc wizard (D:4)
  An iguana (D:4)
  Ijyb (D:3)
  Terence (D:3)
  A bullfrog skeleton (D:5)
  3 worker ants
  A killer bee zombie (D:5)
  A hound skeleton (D:4)
  A worker ant zombie (D:5)
  3 gnolls (D:2)
  4 adders
  2 shadow imps
  An adder skeleton (D:5)
  5 worms
  6 leopard geckos
  12 orcs
  7 bats
  6 giant cockroaches
  13 goblins
  11 hobgoblins
  11 jackals
  6 quokkas
  3 ball pythons
  4 frilled lizards
  9 kobolds
  A leopard gecko zombie (D:5)
  A quokka skeleton (D:4)
  A quokka zombie (D:5)
  7 rats
138 creatures vanquished.

Notes
Turn   | Place    | Note
-------+----------+-------------------------------------------
     0 | D:1      | kae the Ghoul Gladiator began the quest for the Orb.
     0 | D:1      | Reached XP level 1. HP: 17/17 MP: 0/0
    47 | D:1      | Reached XP level 2. HP: 21/25 MP: 1/1
   294 | D:1      | Reached skill level 4 in Unarmed Combat
   530 | D:1      | Reached XP level 3. HP: 30/30 MP: 2/2
   840 | D:2      | Noticed Sigmund
  1198 | D:2      | Reached XP level 4. HP: 25/38 MP: 3/3
  1219 | D:2      | Reached skill level 5 in Unarmed Combat
  1845 | D:2      | Found an ornate altar of the Wu Jian Council.
  2541 | D:3      | Reached XP level 5. HP: 42/45 MP: 4/4
  2643 | D:3      | Noticed Terence
  2651 | D:3      | Killed Terence
  2666 | D:3      | Noticed Ijyb
  2695 | D:3      | Killed Ijyb
  3341 | D:4      | Found a sparkling altar of Nemelex Xobeh.
  3365 | D:4      | Reached skill level 6 in Unarmed Combat
  3409 | D:4      | Found a shimmering altar of Xom.
  3444 | D:4      | Noticed an ogre
  3446 | D:4      | Reached XP level 6. HP: 42/49 MP: 5/5
  3641 | D:4      | Found a hazy altar of Hepliaklqana.
  3701 | D:4      | Found an iron altar of Okawaru.
  3794 | D:4      | Reached skill level 7 in Unarmed Combat
  3794 | D:4      | Reached XP level 7. HP: 45/60 MP: 6/6
  3941 | D:4      | Reached skill level 5 in Fighting
  4159 | D:5      | Entered Level 5 of the Dungeon
  4193 | D:5      | Found a staircase to the Ecumenical Temple.
  4215 | Temple   | Entered the Ecumenical Temple
  4468 | Temple   | Became a worshipper of Makhleb the Destroyer
  4667 | D:5      | Found Birgheppa's Assorted Antiques.
  4670 | D:5      | Bought a scroll labeled PAWEB OSUM HOE for 33 gold pieces
  4670 | D:5      | Bought a scroll labeled OCAIZI YTHRUKUTH for 33 gold pieces
  4670 | D:5      | Bought an orange potion for 29 gold pieces
  4670 | D:5      | Bought a scroll of identify for 66 gold pieces
  4700 | D:5      | Reached skill level 8 in Unarmed Combat
  5060 | D:5      | Found a white marble altar of Elyvilon.
  5351 | D:5      | Reached XP level 8. HP: 69/70 MP: 7/7
  5503 | D:6      | Reached skill level 9 in Unarmed Combat
  5503 | D:6      | Reached skill level 1 in Invocations
  5922 | D:6      | Killed from afar by an electric eel

Illustrated notes

Levels and vault maps discovered:
D:1:      shiori_arrival_maze, layout_loops_ring, nrook_campfire,
          corner_web_ring, st_stairs_14
D:2:      layout_loops_ring, old_standard_altar, uniq_sigmund
D:3:      layout_basic, uniq_terence, uniq_ijyb
D:4:      layout_cave_pools, kennysheep_okawaru_gauntlet, kennysheep_mini_moat,
          nemelex_xobeh_ov_fountains_minmay, lemuel_crystal_altar,
          minmay_crystal_room, minmay_manual_mandibuliform
D:5:      layout_loops_ring, elyvilon_altar_5, minmay_temple_entry_overgrown,
          first_ration, serial_shops, nicolae_shop_behind_doors,
          grunt_decor_clamped
D:6:      layout_loops_cross, ashenzari_altar_1, kennysheep_boxes
Temple:   minmay_temple_bridge_abc

Skill      XL: |  1  2  3  4  5  6  7  8 |
---------------+-------------------------+-----
Unarmed Combat | 4 5 6 7 8 9 |  9.7
Fighting       | 3 4 5 6 |  6.7
Invocations    | 2 |  2.9
Throwing       | |  1.7
Dodging        | |  2.6

Action                   |  1- 3 |  4- 6 |  7- 9 || total
-------------------------+-------+-------+-------++-------
Melee: Unarmed           |   116 |   191 |   165 ||   472
       Punch             |     1 |     5 |     1 ||     7
  Use: Scroll            |     5 |     4 |     5 ||    14
       Potion            |     2 |     1 |       ||     3
  Eat: Chunk             |     6 |    26 |    10 ||    42
Armor: Leather armour    |    35 |    32 |     5 ||    72
       Troll leather arm |       |       |    29 ||    29
Dodge: Dodged            |    69 |    77 |    78 ||   224

Table legend:
 A = Non-vault XP
 B = Vault XP
 C = Vault XP percentage of total XP
 D = Non-vault monster count
 E = Vault monster count
 F = Vault count percentage of total count
                 A         B        C        D         E       F
            +---------+---------+-------+---------+---------+-------
      Total |    1959 |     153 |   7.2 |     128 |      10 |   7.2
            +---------+---------+-------+---------+---------+-------
        D:1 |      40 |       5 |  11.1 |      23 |       3 |  11.5
        D:2 |      99 |       0 |   0.0 |      31 |       0 |   0.0
        D:3 |      68 |      72 |  51.4 |      24 |       2 |   7.7
        D:4 |     352 |      76 |  17.8 |      17 |       5 |  22.7
        D:5 |     503 |       0 |   0.0 |      17 |       0 |   0.0
        D:6 |     897 |       0 |   0.0 |      16 |       0 |   0.0
            +---------+---------+-------+---------+---------+-------
